 Dungeon Crawl Stone Soup version 0.31-a0-963-ga325b2283a (webtiles) character file.

Game seed: 1372681418922394112

364173 croobank the Omniscient (level 22, -16/185 HPs)
             Began as a Gnoll Monk on Oct 24, 2023.
             Was the Champion of Ashenzari.
             Demolished by an azure jelly (18 damage)
             ... created by the Royal Jelly
             ... on level 4 of the Pits of Slime.
             The game lasted 04:06:05 (43952 turns).

croobank the Omniscient (Gnoll Monk)               Turns: 43952, Time: 04:06:05

Health: -16/185    AC: 15    Str: 12    XL:     22   Next: 51%
Magic:  14/38      EV: 21    Int: 25    God:    Ashenzari [******]
Gold:   3206       SH:  0    Dex: 21    Spells: 0/55 levels left

rFire   + . .        d - +8 pair of quick blades "Gyre" and "Gimble" {protect, Melee, Range} (curse)
rCold   + . .        (shield currently unavailable)
rNeg    + . .        N - +0 swamp dragon scales of the Lashed Empyrean {rPois, Elem, Comp} (curse)
rPois   +            o - +1 helmet of the Oracular Sky {Dev, Bglg} (curse)
rElec   .            y - +1 cloak of Ashenzari's Prison {Fort, Dev} (curse)
rCorr   .            X - +2 pair of gloves "Cryptic Sorrow" {rF+, Melee, Range} (curse)
SInv    +            U - +0 pair of boots of Panopticon {Alch, Melee} (curse)
Will    +....        e - amulet of Vitality {RegenMP++ Regen++, Fort, Bglg} (curse)
Stlth   ++++++++     z - ring of the Ruined Pleiades {Int+6 Stlth+, Bglg, Alch} (curse)
HPRegen 2.10/turn    C - ring "Perceptive Doubts" {rN+ Dex+6 Stlth+, Melee, Self} (curse)
MPRegen 1.06/turn

%: clarity
@: corroded, under a protective aura
A: fangs 2, strong nose, distributed training, cold resistance 1, low MP 1
}: 2/15 runes: decaying, gossamer
a: Renounce Religion, Shatter the Chains


You were on level 4 of the Pits of Slime.
You worshipped Ashenzari.
Ashenzari was exalted by your worship.
You visited 7 branches of the dungeon, and saw 38 of its levels.
You also visited: Trove, Ossuary, Bailey and Ice Cave.

You collected 4664 gold pieces.
You spent 1458 gold pieces at shops.

Inventory:

Hand Weapons
 d - the cursed +8 pair of quick blades "Gyre" and "Gimble" (weapon) {protect, Melee, Range}
   (You acquired it on level 1 of the Dungeon)

   It has a curse which improves the following skills: Melee Combat: Short
   Blades, Long Blades, Axes, Maces & Flails, Polearms, Staves and Unarmed
   Combat.
   Ranged Combat: Ranged Weapons and Throwing.
 T - a +4 scimitar of flaming
Armour
 o - the cursed +1 helmet of the Oracular Sky (worn) {Dev, Bglg}
   (You found it on level 1 of the Dungeon)

   It has a curse which improves the following skills: Devices: Evocations and
   Shapeshifting.
   Beguiling: Conjurations, Hexes and Translocations.
 y - the cursed +1 cloak of Ashenzari's Prison (worn) {Fort, Dev}
   (You found it on level 3 of the Dungeon)

   It has a curse which improves the following skills: Fortitude: Armour and
   Shields.
   Devices:   Evocations and Shapeshifting.
 N - the cursed +0 swamp dragon scales of the Lashed Empyrean (worn) {rPois, Elem, Comp}
   (You took it off Maggie on level 6 of the Dungeon)

   rPois:     It protects you from poison It has a curse which improves the
   following skills: Elements: Fire Magic, Ice Magic, Air Magic and Earth Magic.
   Companions: Summonings and Necromancy.
 U - the cursed +0 pair of boots of Panopticon (worn) {Alch, Melee}
   (You found it on level 7 of the Dungeon)

   It has a curse which improves the following skills: Alchemy: Poison Magic and
   Transmutations.
   Melee Combat: Short Blades, Long Blades, Axes, Maces & Flails, Polearms,
   Staves and Unarmed Combat.
 X - the cursed +2 pair of gloves "Cryptic Sorrow" (worn) {rF+, Melee, Range}
   (You found it on level 4 of the Spider Nest)

   rF+:       It protects you from fire.
   It has a curse which improves the following skills: Melee Combat: Short
   Blades, Long Blades, Axes, Maces & Flails, Polearms, Staves and Unarmed
   Combat.
   Ranged Combat: Ranged Weapons and Throwing.
Jewellery
 a - a +4 ring of protection
 e - the cursed amulet of Vitality (around neck) {RegenMP++ Regen++, Fort, Bglg}
   (You found it in a treasure trove)

   [amulet of magic regeneration]

   RegenMP:   It increases your rate of magic regeneration.
   Regen++:   It increases your rate of health regeneration.
   It has a curse which improves the following skills: Fortitude: Armour and
   Shields.
   Beguiling: Conjurations, Hexes and Translocations.
 h - a ring of protection from cold
 q - a ring of magical power
 z - the cursed ring of the Ruined Pleiades (left hand) {Int+6 Stlth+, Bglg, Alch}
   (You found it on level 3 of the Elven Halls)

   [ring of intelligence]

   Int+6:     It affects your intelligence (+6).
   Stlth+:    It makes you more stealthy.
   It has a curse which improves the following skills: Beguiling: Conjurations,
   Hexes and Translocations.
   Alchemy:   Poison Magic and Transmutations.
 C - the cursed ring "Perceptive Doubts" (right hand) {rN+ Dex+6 Stlth+, Melee, Self}
   (You acquired it on level 5 of the Dungeon)

   [ring of dexterity]

   Dex+6:     It affects your dexterity (+6).
   rN+:       It protects you from negative energy.
   Stlth+:    It makes you more stealthy.
   It has a curse which improves the following skills: Melee Combat: Short
   Blades, Long Blades, Axes, Maces & Flails, Polearms, Staves and Unarmed
   Combat.
   Introspection: Fighting and Spellcasting.
 G - a ring of wizardry
 L - a +6 ring of dexterity
 M - the ring "Ablyz" {Fire Int+5}
   (You found it on level 1 of the Lair of Beasts)

   [ring of fire]

   Fire:      It enhances your fire magic.
   Int+5:     It affects your intelligence (+5).
   rF+:       It protects you from fire.
   rC-:       It makes you vulnerable to cold.
 O - a ring of flight
 P - a +5 ring of evasion
 W - a ring of positive energy
 Z - a ring of protection from cold
Wands
 v - a wand of iceblast (11)
 A - a wand of flame (44)
 D - a wand of mindburst (45)
 E - a wand of paralysis (20)
 Y - a wand of digging (12)
Scrolls
 f - 3 scrolls of fear
 g - 2 scrolls of immolation
 n - 9 scrolls of teleportation
 p - 4 scrolls of amnesia
 t - 9 scrolls of vulnerability
 w - a scroll of silence
 B - 4 scrolls of poison
 F - 6 scrolls of fog
 Q - 4 scrolls of revelation
Potions
 b - 4 potions of lignification
 c - 13 potions of ambrosia
 k - 4 potions of invisibility
 l - 5 potions of brilliance
 m - 2 potions of heal wounds
 r - 14 potions of curing
 s - 2 potions of resistance
 u - a potion of attraction
 x - 5 potions of berserk rage
 H - a potion of might
 I - a potion of enlightenment
 J - 3 potions of magic
 R - 3 potions of haste
 S - 3 potions of mutation
Miscellaneous
 j - a condenser vane (inert)


   Skills:
 + Level 16.1(18.4) Fighting
 + Level 16.1(21.7) Short Blades
 + Level 14.9(20.5) Long Blades
 + Level 14.9(20.5) Axes
 + Level 14.9(20.5) Maces & Flails
 + Level 14.9(20.5) Polearms
 + Level 14.9(20.5) Staves
 + Level 14.9(18.4) Ranged Weapons
 + Level 14.9(18.4) Throwing
 + Level 14.9(18.4) Armour
 + Level 16.1 Dodging
 + Level 14.9 Stealth
 + Level 14.9(18.4) Shields
 + Level 14.9(20.5) Unarmed Combat
 + Level 14.9(17.2) Spellcasting
 + Level 12.6(17.3) Conjurations
 + Level 12.6(17.3) Hexes
 + Level 12.6(15.0) Summonings
 + Level 12.6(15.0) Necromancy
 + Level 12.6(17.3) Translocations
 + Level 12.6(16.2) Transmutations
 + Level 12.6(15.0) Fire Magic
 + Level 12.6(15.0) Ice Magic
 + Level 12.6(15.0) Air Magic
 + Level 12.6(15.0) Earth Magic
 + Level 12.6(16.2) Poison Magic
 + Level 16.1 Invocations
 + Level 14.9(18.4) Evocations
 + Level 13.7(17.2) Shapeshifting


You couldn't memorise any spells.
You knew the following spells:

 Your Spells              Type           Power      Damage    Failure   Level
a - Mephitic Cloud        Conj/Pois/Air  80%        N/A       0%          3
b - Jinxbite              Hex            100%       N/A       0%          2
c - Summon Cactus Giant   Summ           38%        N/A       1%          6
d - Arcjolt               Conj/Air       40%        1d50      1%          5
e - Borgnjor's Vile Clut  Necr/Erth      38%        N/A       1%          5
f - Yara's Violent Unrav  Hex/Tmut       40%        3d16      1%          5
g - Enfeeble              Hex            41%        N/A       2%          7
h - Scorch                Fire           100%       2d9       0%          2
i - Ozocubu's Refrigerat  Ice            38%        4d16      7%          7
j - Summon Mana Viper     Hex/Summ       80%        N/A       1%          5
k - Manifold Assault      Tloc           83%        N/A       1%          4
l - Iskenderun's Mystic   Conj/Tloc      83%        2d16      1%          4

Your spell library contained the following spells:

 Spells                   Type           Power      Damage    Failure   Level
 Foxfire                  Conj/Fire      100%       2x1d9     0%          1
 Magic Dart               Conj           100%       1d8       0%          1
 Sandblast                Erth           100%       2d20      0%          1
 Shock                    Conj/Air       100%       1d9       0%          1
 Summon Small Mammal      Summ           100%       N/A       0%          1
 Blink                    Tloc           100%       N/A       0%          2
 Call Imp                 Summ           100%       N/A       0%          2
 Cigotuvi's Dreadful Rot  Necr/Pois/Air  100%       N/A       0%          2
 Ensorcelled Hibernation  Hex/Ice        100%       N/A       0%          2
 Lesser Beckoning         Tloc           100%       N/A       0%          2
 Passwall                 Tmut/Erth      65%        N/A       0%          2
 Poisonous Vapours        Pois/Air       100%       N/A       0%          2
 Static Discharge         Conj/Air       100%       3-8/arc   0%          2
 Wereblood                Tmut           80%        N/A       0%          2
 Gell's Gravitas          Tloc           83%        N/A       0%          3
 Stone Arrow              Conj/Erth      100%       3d13      0%          3
 Summon Guardian Golem    Hex/Summ       80%        N/A       0%          3
 Teleport Other           Tloc           83%        N/A       0%          3
 Tukima's Dance           Hex            83%        N/A       0%          3
 Volatile Blastmotes      Fire/Tloc      100%       2d18      0%          3
 Call Canine Familiar     Summ           77%        N/A       1%          3
 Frozen Ramparts          Ice            100%       1d16      1%          3
 Ignite Poison            Fire/Tmut/Pois 79%        N/A       1%          3
 Ozocubu's Armour         Ice            77%        N/A       1%          3
 Swiftness                Air            77%        N/A       1%          3
 Airstrike                Air            38%        2d(6-22)  1%          4
 Anguish                  Hex/Necr       40%        N/A       1%          4
 Animate Armour           Summ/Erth      100%       N/A       1%          4
 Brom's Barrelling Bould  Conj/Erth      80%        2d9       1%          4
 Cause Fear               Hex            41%        N/A       1%          4
 Dimensional Bullseye     Hex/Tloc       41%        N/A       1%          4
 Dispel Undead            Necr           77%        3d25      1%          4
 Flame Wave               Conj/Fire      80%        2d17      1%          4
 Fulminant Prism          Conj/Hex       41%        3d19      1%          4
 Leda's Liquefaction      Hex/Erth       40%        N/A       1%          4
 Passage of Golubria      Tloc           83%        N/A       1%          4
 Petrify                  Tmut/Erth      79%        N/A       1%          4
 Sticky Flame             Conj/Fire      80%        2d9       1%          4
 Vhi's Electric Charge    Tloc/Air       100%       N/A       1%          4
 Alistair's Intoxication  Tmut/Pois      53%        N/A       1%          5
 Irradiate                Conj/Tmut      40%        3d25      1%          5
 Lee's Rapid Deconstruct  Erth           38%        3d19*     1%          5
 Metabolic Englaciation   Hex/Ice        40%        N/A       1%          5
 Silence                  Hex/Air        40%        N/A       1%          5
 Bombard                  Conj/Erth      40%        9d7       1%          6
 Death Channel            Necr           38%        N/A       1%          6
 Dispersal                Tloc           41%        N/A       1%          6
 Eringya's Noxious Bog    Tmut/Pois      40%        4d6       1%          6
 Plasma Beam              Fire/Air       38%        2x1d52    1%          6
 Simulacrum               Ice/Necr       38%        N/A       1%          6
 Discord                  Hex            41%        N/A       21%         8
 Disjunction              Tloc           41%        N/A       21%         8
 Lehudib's Crystal Spear  Conj/Erth      40%        10d10     32%         8
 Ignition                 Fire           38%        3d11      45%         8
 Maxwell's Capacitive Co  Air            38%        ∞         45%         8
 Polar Vortex             Ice            38%        12d5*     100%        9


Dungeon Overview and Level Annotations

Branches:
Dungeon (15/15)            Temple (0/1) D:7            Lair (5/5) D:11
  Swamp (4/4) Lair:2       Spider (4/4) Lair:2        Slime (5/5) Lair:5
    Orc (2/2) D:9             Elf (3/3) Orc:2        Vaults (0/5) D:13
 Depths (0/4) D:15        Ossuary (visited)          Bailey (visited)
  IceCv (visited)

Altars:
Ashenzari
Hepliaklqana
Kikubaaqudgha
Sif Muna
Zin

Shops:
D:9 ?   D:15 (   Orc:2 (=*:   Elf:3 :

Portals:
Abyss: Lair:2

Annotations:
Lair:2 2 transporters, Wizardman01's ghost, journeyman NaBe


Innate Abilities, Weirdness & Mutations

You have extremely sharp teeth.
Your uncanny sense of smell can sniff out nearby items.
Your experience applies equally to all skills.
Your flesh is cold resistant. (rC+)
Your magical capacity is low. (-10% MP)


Message History

Flames lash the acid blob.
The acid blob is burned terribly!
The acid blob is severely wounded.
Your mana viper bites the azure jelly!
The azure jelly hits you. The azure jelly freezes you! You resist.
The azure jelly hits you but does no damage. x3
The acid blob spits acid at you. The splash of acid hits you!!
Your mana viper bites the azure jelly.
Casting: Scorch (safe; 0% risk of failure)
Confirm with . or Enter, or press ? or * to list all spells.
Flames lash the azure jelly.
The azure jelly is burned terribly!
The azure jelly is almost dead.
The azure jelly's fire resistance burns away.
The azure jelly is no longer dazed.
The azure jelly is no longer weakened.
The azure jelly hits you. The azure jelly freezes you!! You resist.
* * * LOW HITPOINT WARNING * * *
The azure jelly hits you but does no damage.
The azure jelly hits you!
* * * LOW HITPOINT WARNING * * *
The azure jelly misses you.
The acid blob is lost in a daze.
Your mana viper bites the azure jelly.
Casting: Scorch (safe; 0% risk of failure)
Confirm with . or Enter, or press ? or * to list all spells.
Flames lash the acid blob.
The acid blob is burned terribly!
The acid blob is almost dead.
The acid blob is no longer dazed.
The acid blob is no longer weakened.
The azure jelly misses you. The azure jelly hits you.
* * * LOW HITPOINT WARNING * * *
The azure jelly freezes you!! You resist.
* * * LOW HITPOINT WARNING * * *
The azure jelly barely misses you.
The azure jelly hits you but does no damage.
Your mana viper bites the azure jelly.
The acid blob spits acid at you.
The splash of acid hits you but does no damage.
The acid corrodes you!
Your cactus giant misses the azure jelly.
The azure jelly hits you.
* * * LOW HITPOINT WARNING * * *
The azure jelly freezes you!! You resist.
You die...

##..#.#.........####...#........
#.....#......#.#.##..<.......##.
##.......#....#.............##,.
##.##....#....#.........#...##**,
#............................# **
##.#..........#.............##
##.............#.............#
.................S..........##
##.....#.......J@J.<........#
*#......#........C.........##
#.........................##
##.###........#........#.## ##*
###..#..###..##..#### #######
########


You could see an acid blob (combustible), an azure jelly (combustible, ally
target), a friendly mana viper (summoned) and a friendly cactus giant
(summoned).

Vanquished Creatures
  the Royal Jelly (Slime:5)
  Dissolution (Slime:3)
  Nikola (Spider:3)
  Arachne (Spider:2)
  Zenata (Elf:1)
  Mlioglotl (Spider:4)
  5 deep elf master archers (Elf:3)
  4 deep elf blademasters
  9 acid blobs
  Frances (Elf:1)
  Roxanne (Spider:2)
  Agnes (Spider:4)
  8 rockslimes
  4 azure jellies
  Donald (Orc:2)
  3 emperor scorpions
  6 deep elf sorcerers (Elf:3)
  6 ghost moths
  8 quicksilver oozes
  2 orc warlords (Orc:2)
  2 very ugly things (D:15)
  10 broodmothers
  2 reapers (IceCv)
  3 deep elf demonologists
  3 eleionomae
  Azrael (Spider:1)
  2 green draconians (Swamp:4)
  5 deep elf annihilators (Elf:3)
  4 spark wasps
  7 deep elf death magi
  2 entropy weavers
  2 vault guards (D:13)
  Harold (Orc:1)
  The ghost of Jaev the Arsonist, a journeyman DgFE (Lair:1)
  A great orb of eyes (Slime:5)
  Fannar (Lair:1)
  3 ice dragons (Swamp:4)
  A rakshasa (D:15)
  4 catoblepae (Lair:5)
  2 ghost crabs
  4 caustic shrike simulacra (IceCv)
  2 jorogumos
  11 hydras
  5 ogre magi
  7 radroaches
  2 shambling mangroves (Swamp:3)
  An ironbound frostheart (D:13)
  3 boulder beetles
  2 centaur warriors
  19 two-headed ogres
  8 alligators
  23 dancing weapons
  6 death yaks (Lair:5)
  5 tengu warriors
  8 demonic crawlers
  Urug (D:11)
  16 deep elf knights
  Sonja (Lair:3)
  3 skeletal warriors (D:14)
  2 goliath frogs
  Lodul (D:12)
  10 pharaoh ants
  3 skysharks
  4 spriggan druids
  12 orb spiders
  4 bog bodies
  3 glowing orange brains
  The ghost of dxb338 the Nimble, a novice FeSh of Wu Jian (D:8)
  8 swamp dragons
  2 spriggan simulacra (IceCv)
  8 steelbarb worms
  8 deep elf archers
  An obsidian statue (IceCv)
  A lindwurm (Lair:2)
  25 deep elf zephyrmancers
  2 orc knights
  4 orc sorcerers
  17 wolf spiders
  A mana viper (shapeshifter) (Elf:1)
  5 cyclopes
  3 shining eyes
  34 deep elf pyromancers
  A will-o-the-wisp (Lair:2)
  2 ugly things (D:15)
  13 elephants
  4 moths of wrath
  7 manticores
  4 black mambas
  5 torpor snails
  14 cane toads
  An unseen horror (D:10)
  5 eyes of devastation
  2 gargoyles
  Jeremiah (D:7)
  8 rime drakes
  Maggie (D:6)
  3 efreet
  8 freezing wraiths
  2 tengu conjurers
  4 komodo dragons
  2 golden dragon simulacra (IceCv)
  14 trolls
  9 meliai
  28 tarantellas
  5 tyrant leeches
  13 hornets
  A glass eye (Slime:5)
  3 polar bears
  22 blink frogs
  A dream sheep (Lair:2)
  21 jumping spiders
  Sigmund (D:4)
  2 centaur simulacra
  3 air elementals
  92 slime creatures
  18 culicivoras
  14 spriggans
  2 dire elephant simulacra (IceCv)
  5 wraiths
  A nameless horror (Spider:1)
  A water elemental (Elf:3)
  81 yaks
  5 fire elementals
  An unseen horror simulacrum (D:10)
  A shadow (D:8)
  Grum (D:8)
  The ghost of Cadnt the Shooter, an amateur MiHu (D:3)
  2 basilisks
  4 vampires
  A redback (shapeshifter) (D:15)
  A steam dragon (D:9)
  29 redbacks
  23 vampire mosquitoes
  9 swamp worms
  Menkaure (D:6)
  A minotaur simulacrum (IceCv)
  2 swamp worm simulacra (Swamp:4)
  2 wargs
  2 acid dragons
  18 hydra simulacra
  The ghost of Gelion the Digger, an amateur GrEE (D:3)
  4 hell hounds (Spider:1)
  Duvessa (D:5)
  4 swamp drakes
  13 water moccasins
  A black bear (D:4)
  The ghost of Bahuunn the Trooper, an amateur MiFi (D:3)
  2 ettin simulacra (IceCv)
  A sky beast (D:6)
  33 orc warriors
  A black mamba simulacrum (Lair:1)
  5 ice beasts
  A hornet zombie (D:14)
  29 wolves
  44 ogres
  10 centaurs
  4 kobold brigands
  2 phantoms
  12 bullfrogs
  The ghost of Zonian the Magician, an amateur DEHW (D:3)
  2 gnoll sergeants
  A cane toad simulacrum (Lair:1)
  16 scorpions
  6 wights
  11 killer bees
  Dowan (D:5)
  A lindwurm simulacrum (IceCv)
  2 howler monkeys
  9 electric eels
  4 lava snakes (Lair:1)
  4 centaur zombies
  2 komodo dragon simulacra (Lair:1)
  7 hounds
  4 jellies
  2 human zombies (Ossuary)
  15 orc priests
  A wyvern simulacrum (Lair:1)
  7 gnoll boudas
  5 scorpion zombies (Ossuary)
  5 iguanas
  A sleepcap (D:6)
  Natasha (thrice) (D:2)
  25 orc wizards
  A boggart zombie (D:14)
  2 yak simulacra (Lair:1)
  3 mummies (Ossuary)
  10 adders
  37 gnolls
  A shadow imp (D:5)
  A white imp (D:7)
  6 ufetubi
  5 swamp drake simulacra (Swamp:4)
  A worm (D:3)
  5 dart slugs
  89 orcs
  14 ball pythons
  10 bats
  5 endoplasms
  5 giant cockroaches
  4 gnoll zombies (Ossuary)
  14 goblins
  8 hobgoblins
  2 jackals (D:1)
  2 quokkas
  4 frilled lizards
  A goblin zombie (Ossuary)
  4 hobgoblin zombies (Ossuary)
  23 kobolds
  3 orc zombies (Ossuary)
  10 rats
1510 creatures vanquished.

Vanquished Creatures (collateral kills)
  2 deep elf blademasters (Elf:3)
  2 acid blobs (Slime:2)
  A fenstrider witch (Swamp:3)
  7 dancing weapons
  A demonic crawler (Spider:4)
  A deep elf knight (Elf:2)
  2 cherubim (Elf:3)
  A goliath frog (Swamp:1)
  2 pharaoh ants
  A deep elf archer (Elf:3)
  2 orb spiders (Spider:4)
  6 wolf spiders
  2 torpor snails
  An alligator simulacrum (IceCv)
  A hornet (Swamp:3)
  A tyrant leech (Swamp:4)
  4 tarantellas
  2 slime creatures
  6 jumping spiders
  3 culicivoras
  A water elemental (Elf:2)
  A vampire mosquito (Swamp:2)
  6 redbacks
  2 swamp worms
  2 hydra simulacra (Swamp:4)
  A swamp drake simulacrum (Swamp:4)
61 creatures vanquished.

Vanquished Creatures (others)
  A deep elf annihilator (Elf:1)
  A dancing weapon (Elf:2)
  A spriggan (Swamp:1)
  An orb spider (Spider:3)
  A deep elf zephyrmancer (Elf:2)
  2 deep elf pyromancers (Elf:2)
  A torpor snail (Spider:3)
  A hornet (Swamp:1)
  A jumping spider (Spider:2)
  A human (D:9)
11 creatures vanquished.

Grand Total: 1582 creatures vanquished

Notes
Turn   | Place    | Note
-------+----------+-------------------------------------------
     0 | D:1      | croobank the Gnoll Monk began the quest for the Orb.
     0 | D:1      | Reached XP level 1. HP: 23/23 MP: 1/1
   126 | D:1      | You fall into a shaft and drop 1 floor!
   144 | D:2      | Reached XP level 2. HP: 25/29 MP: 2/2
   220 | D:2      | Reached XP level 3. HP: 27/35 MP: 3/3
   245 | D:2      | Noticed Natasha
   260 | D:2      | Killed Natasha
   261 | D:2      | Reached skill level 1 in Long Blades
   261 | D:2      | Reached skill level 1 in Axes
   261 | D:2      | Reached skill level 1 in Maces & Flails
   261 | D:2      | Reached skill level 1 in Polearms
   261 | D:2      | Reached skill level 1 in Staves
   261 | D:2      | Reached skill level 1 in Ranged Weapons
   261 | D:2      | Reached skill level 1 in Throwing
   261 | D:2      | Reached skill level 1 in Armour
   261 | D:2      | Reached skill level 1 in Stealth
   261 | D:2      | Reached skill level 1 in Shields
   261 | D:2      | Reached skill level 1 in Unarmed Combat
   261 | D:2      | Reached skill level 1 in Spellcasting
   261 | D:2      | Reached skill level 1 in Invocations
   261 | D:2      | Reached skill level 1 in Evocations
   368 | D:2      | Reached XP level 4. HP: 35/41 MP: 5/5
   394 | D:2      | Found a faded altar of an unknown god.
   412 | D:2      | Prayed at the altar of an unknown god.
   412 | D:2      | Became a worshipper of Ashenzari the Shackled
   437 | D:2      | Noticed Natasha
   452 | D:1      | Reached skill level 1 in Shapeshifting
   658 | D:1      | Reached * piety under Ashenzari
   673 | D:1      | Identified a scroll of acquirement
   685 | D:1      | Identified the "Ludaig" (You acquired it on level 1 of the
                  | Dungeon)
   685 | D:1      | Acquired the +8 pair of quick blades "Gyre" and "Gimble"
                  | {protect}
   685 | D:1      | Found the +8 pair of quick blades "Gyre" and "Gimble"
                  | {protect}
   863 | D:1      | Reached skill level 1 in Conjurations
   863 | D:1      | Reached skill level 1 in Hexes
   863 | D:1      | Reached skill level 1 in Summonings
   863 | D:1      | Reached skill level 1 in Necromancy
   863 | D:1      | Reached skill level 1 in Translocations
   863 | D:1      | Reached skill level 1 in Transmutations
   863 | D:1      | Reached skill level 1 in Fire Magic
   863 | D:1      | Reached skill level 1 in Ice Magic
   863 | D:1      | Reached skill level 1 in Air Magic
   863 | D:1      | Reached skill level 1 in Earth Magic
   863 | D:1      | Reached skill level 1 in Poison Magic
   970 | D:2      | Killed Natasha
  1008 | D:2      | Reached XP level 5. HP: 47/47 MP: 6/6
  1046 | D:2      | Noticed Natasha
  1051 | D:2      | Killed Natasha
  1300 | D:3      | Reached ** piety under Ashenzari
  1357 | D:3      | Found a runed translucent gate.
  1358 | D:3      | Found a runed translucent gate.
  1359 | D:3      | Found a runed translucent gate.
  1360 | D:3      | Noticed Cadnt's ghost (amateur MiHu)
  1361 | D:3      | Noticed Zonian's ghost (amateur DEHW)
  1361 | D:3      | Noticed Bahuunn's ghost (amateur MiFi)
  1361 | D:3      | Noticed Gelion's ghost (amateur GrEE)
  1806 | D:3      | Reached XP level 6. HP: 53/53 MP: 8/8
  2476 | D:4      | Reached XP level 7. HP: 49/59 MP: 10/10
  2873 | D:4      | Noticed Sigmund
  2880 | D:4      | Killed Sigmund
  3174 | D:5      | Entered Level 5 of the Dungeon
  3373 | D:5      | Reached XP level 8. HP: 63/67 MP: 12/12
  3422 | D:5      | Learned a level 3 spell: Mephitic Cloud
  3472 | D:5      | Noticed Dowan
  3472 | D:5      | Noticed Duvessa
  3476 | D:5      | Killed Dowan
  3480 | D:5      | Killed Duvessa
  3492 | D:5      | Identified the cursed +1 helmet of the Oracular Sky {Dev,
                  | Bglg} (You found it on level 1 of the Dungeon)
  3498 | D:5      | Acquired the ring "Colu" {rN+ Dex+6 Stlth+}
  3501 | D:5      | Reached *** piety under Ashenzari
  3871 | D:6      | Found a sand-covered staircase.
  3878 | Ossuary  | Entered an ossuary
  3932 | Ossuary  | Reached XP level 9. HP: 73/76 MP: 16/16
  4227 | D:6      | Reached skill level 5 in Invocations
  4249 | D:6      | Noticed Menkaure
  4254 | D:6      | Killed Menkaure
  4389 | D:6      | Identified the +0 falchion of Fury {flame, rN+ Int+3}
  4496 | D:6      | Learned a level 2 spell: Jinxbite
  4507 | D:6      | Noticed Maggie
  4515 | D:6      | Killed Maggie
  4528 | D:6      | Reached **** piety under Ashenzari
  4587 | D:6      | Reached XP level 10. HP: 74/85 MP: 18/20
  4621 | D:6      | Reached skill level 5 in Long Blades
  4621 | D:6      | Reached skill level 5 in Axes
  4621 | D:6      | Reached skill level 5 in Maces & Flails
  4621 | D:6      | Reached skill level 5 in Polearms
  4621 | D:6      | Reached skill level 5 in Staves
  4621 | D:6      | Reached skill level 5 in Ranged Weapons
  4621 | D:6      | Reached skill level 5 in Throwing
  4621 | D:6      | Reached skill level 5 in Armour
  4621 | D:6      | Reached skill level 5 in Stealth
  4621 | D:6      | Reached skill level 5 in Shields
  4621 | D:6      | Reached skill level 5 in Unarmed Combat
  4621 | D:6      | Reached skill level 5 in Spellcasting
  4621 | D:6      | Reached skill level 5 in Evocations
  5027 | D:6      | Identified the +1 long sword "Duimmy" {spect, rElec}
  5414 | D:7      | Found a flagged portal.
  5416 | D:7      | Noticed Jeremiah
  5431 | D:7      | Killed Jeremiah
  5451 | Bailey   | Entered a bailey
  5460 | Bailey   | Reached skill level 5 in Conjurations
  5460 | Bailey   | Reached skill level 5 in Hexes
  5460 | Bailey   | Reached skill level 5 in Summonings
  5460 | Bailey   | Reached skill level 5 in Necromancy
  5460 | Bailey   | Reached skill level 5 in Translocations
  5460 | Bailey   | Reached skill level 5 in Transmutations
  5460 | Bailey   | Reached skill level 5 in Fire Magic
  5460 | Bailey   | Reached skill level 5 in Ice Magic
  5460 | Bailey   | Reached skill level 5 in Air Magic
  5460 | Bailey   | Reached skill level 5 in Earth Magic
  5460 | Bailey   | Reached skill level 5 in Poison Magic
  5460 | Bailey   | Reached skill level 5 in Shapeshifting
  5460 | Bailey   | Reached XP level 11. HP: 79/93 MP: 20/23
  5637 | Bailey   | Noticed an orc knight
  5644 | Bailey   | Killed an orc knight
  5884 | D:7      | Found a staircase to the Ecumenical Temple.
  6077 | D:7      | Identified the +0 robe of Untold Secrets {rF+}
  6791 | D:8      | Noticed Grum
  6806 | D:8      | Killed Grum
  7153 | D:8      | Found a runed translucent gate.
  7153 | D:8      | Found a runed translucent gate.
  7153 | D:8      | Found a runed translucent gate.
  7159 | D:8      | Noticed dxb338's ghost (novice FeSh)
  7660 | D:9      | Noticed a two-headed ogre
  7681 | D:8      | Killed a two-headed ogre
  7682 | D:8      | Reached XP level 12. HP: 52/100 MP: 24/24
  7869 | D:9      | Reached ***** piety under Ashenzari
  7915 | D:9      | Found an ancient bone altar of Kikubaaqudgha.
  8086 | D:9      | Found Ahulae Lusch's Magic Scroll Boutique.
  8096 | D:9      | Bought a scroll of revelation for 75 gold pieces
  8246 | D:9      | Found a staircase to the Orcish Mines.
  8310 | D:10     | Entered Level 10 of the Dungeon
  8354 | D:10     | Found a broken altar of Ashenzari.
  8418 | D:10     | Reached skill level 10 in Fighting
  8418 | D:10     | Reached skill level 10 in Short Blades
  8418 | D:10     | Reached skill level 10 in Dodging
  8643 | D:10     | Noticed a two-headed ogre
  8648 | D:10     | Killed a two-headed ogre
  8720 | D:10     | Identified the +1 leather armour of Duofiuz {*Slow Will++
                  | Str+3 SInv}
  8877 | D:10     | Reached ****** piety under Ashenzari
  9041 | D:10     | Found a glowing silver altar of Zin.
  9319 | D:11     | Noticed a centaur warrior
  9800 | D:11     | Found a staircase to the Lair.
 10137 | D:11     | Noticed Urug
 10140 | D:11     | Killed Urug
 10141 | D:11     | Reached XP level 13. HP: 113/113 MP: 24/28
 10579 | D:11     | Learned a level 6 spell: Summon Cactus Giant
 11274 | D:12     | Noticed Lodul
 11283 | D:12     | Killed Lodul
 12006 | D:13     | Identified the amulet "Doffiaf" {Rampage rPois Regen+ Str+6
                  | Dex-3}
 12377 | D:13     | Noticed a vault guard
 12378 | D:13     | Found a gate to the Vaults.
 12380 | D:13     | Noticed a vault guard
 12381 | D:13     | Killed a vault guard
 12384 | D:13     | Killed a vault guard
 12388 | D:13     | Reached XP level 14. HP: 121/121 MP: 30/30
 12660 | Lair:1   | Entered Level 1 of the Lair of Beasts
 12687 | Lair:1   | Found a runed translucent gate.
 12687 | Lair:1   | Found a runed translucent gate.
 12687 | Lair:1   | Found a runed translucent gate.
 12707 | Lair:1   | Noticed Fannar
 12717 | Lair:1   | Killed Fannar
 12944 | Lair:1   | Noticed Jaev's ghost (journeyman DgFE)
 12944 | Lair:1   | Identified the ring "Ablyz" {Fire Int+5}
 12946 | Lair:1   | Identified the +8 morningstar of the Puffball {pain, +Blink
                  | rElec}
 12974 | Lair:1   | Reached skill level 10 in Invocations
 13393 | Lair:1   | Killed Jaev's ghost
 13578 | Lair:2   | Found a hole to the Spider Nest.
 13660 | Lair:2   | Found a staircase to the Swamp.
 13693 | Lair:2   | Found a one-way gate to the infinite horrors of the Abyss.
 13693 | Lair:2   | Noticed Wizardman01's ghost (journeyman NaBe)
 13698 | Lair:2   | Found a transporter.
 13698 | Lair:2   | Found a transporter.
 14555 | Lair:3   | Identified the +7 war axe "Recipuza" {pain, Str+2 Int+3
                  | SInv}
 14940 | Lair:3   | Noticed Sonja
 14951 | Lair:3   | Killed Sonja
 15123 | Lair:4   | Reached XP level 15. HP: 129/129 MP: 32/32
 15195 | Lair:4   | Reached skill level 10 in Long Blades
 15195 | Lair:4   | Reached skill level 10 in Axes
 15195 | Lair:4   | Reached skill level 10 in Maces & Flails
 15195 | Lair:4   | Reached skill level 10 in Polearms
 15195 | Lair:4   | Reached skill level 10 in Staves
 15195 | Lair:4   | Reached skill level 10 in Ranged Weapons
 15195 | Lair:4   | Reached skill level 10 in Throwing
 15195 | Lair:4   | Reached skill level 10 in Armour
 15195 | Lair:4   | Reached skill level 10 in Stealth
 15195 | Lair:4   | Reached skill level 10 in Shields
 15195 | Lair:4   | Reached skill level 10 in Unarmed Combat
 15195 | Lair:4   | Reached skill level 10 in Spellcasting
 15195 | Lair:4   | Reached skill level 10 in Evocations
 15878 | Lair:5   | Entered Level 5 of the Lair of Beasts
 16660 | Lair:5   | Found a staircase to the Slime Pits.
 17196 | D:3      | Killed Cadnt's ghost
 17201 | D:3      | Killed Bahuunn's ghost
 17207 | D:3      | Killed Gelion's ghost
 17210 | D:3      | Killed Zonian's ghost
 17381 | D:8      | Killed dxb338's ghost
 17409 | D:8      | Learned a level 5 spell: Arcjolt
 17499 | Orc:1    | Entered Level 1 of the Orcish Mines
 17501 | Orc:1    | Noticed Harold
 17505 | Orc:1    | Killed Harold
 17780 | Orc:2    | Entered Level 2 of the Orcish Mines
 18218 | Orc:2    | Reached XP level 16. HP: 128/136 MP: 17/33
 18219 | Orc:2    | Paralysed by an ogre mage for 5 turns
 18228 | Orc:2    | Reached skill level 10 in Shapeshifting
 18228 | Orc:2    | Noticed Donald
 18233 | Orc:2    | Found Kulleuddoxt's Assorted Antiques.
 18233 | Orc:2    | Found Roit Zee's Weapon Boutique.
 18234 | Orc:2    | Found Fapeum's Book Shop.
 18234 | Orc:2    | Found Ilineiq's Jewellery Emporium.
 18238 | Orc:2    | Killed Donald
 18467 | Orc:2    | Bought Great Wizards, Vol. II for 532 gold pieces
 18467 | Orc:2    | Bought Great Wizards, Vol. VII for 420 gold pieces
 18473 | Orc:2    | Learned a level 5 spell: Borgnjor's Vile Clutch
 18479 | Orc:2    | Learned a level 5 spell: Yara's Violent Unravelling
 18480 | Orc:2    | Bought a potion of berserk rage for 175 gold pieces
 18512 | Orc:2    | Found a staircase to the Elven Halls.
 19666 | D:14     | Learned a level 2 spell: Call Imp
 19818 | D:14     | Found a shimmering blue altar of Sif Muna.
 19987 | D:15     | Entered Level 15 of the Dungeon
 20008 | D:15     | Found a hazy altar of Hepliaklqana.
 20480 | D:15     | Found Ugacaplaf's Weapon Boutique.
 20749 | D:15     | Found a staircase to the Depths.
 20900 | D:15     | Learned a level 7 spell: Enfeeble
 21045 | Spider:1 | Entered Level 1 of the Spider Nest
 21082 | Spider:1 | Found a frozen archway.
 21113 | IceCv    | Entered an ice cave
 21178 | IceCv    | Learned a level 2 spell: Scorch
 22103 | IceCv    | Reached XP level 17. HP: 146/146 MP: 36/36
 22198 | IceCv    | Learned a level 7 spell: Ozocubu's Refrigeration
 22985 | Spider:1 | Noticed Azrael
 22998 | Spider:1 | Killed Azrael
 23284 | Spider:2 | Reached skill level 10 in Conjurations
 23284 | Spider:2 | Reached skill level 10 in Hexes
 23284 | Spider:2 | Reached skill level 10 in Summonings
 23284 | Spider:2 | Reached skill level 10 in Necromancy
 23284 | Spider:2 | Reached skill level 10 in Translocations
 23284 | Spider:2 | Reached skill level 10 in Transmutations
 23284 | Spider:2 | Reached skill level 10 in Fire Magic
 23284 | Spider:2 | Reached skill level 10 in Ice Magic
 23284 | Spider:2 | Reached skill level 10 in Air Magic
 23284 | Spider:2 | Reached skill level 10 in Earth Magic
 23284 | Spider:2 | Reached skill level 10 in Poison Magic
 23472 | Spider:2 | Noticed Arachne
 23493 | Spider:2 | Killed Arachne
 24855 | Spider:2 | Noticed Roxanne
 24898 | Spider:2 | Killed Roxanne
 25075 | Spider:2 | Upgraded the game from 0.31-a0-960-g0fca184906 to
                  | 0.31-a0-963-ga325b2283a
 25568 | Spider:2 | Identified the cursed +1 pair of gloves of Toth-Mos's
                  | Legacy {Cun, Self} (You found it on level 10 of the
                  | Dungeon)
 25568 | Spider:2 | Identified the cursed +0 pair of boots of Panopticon {Alch,
                  | Melee} (You found it on level 7 of the Dungeon)
 25568 | Spider:2 | Identified the cursed +0 swamp dragon scales of the Lashed
                  | Empyrean {rPois, Elem, Comp} (You took it off Maggie on
                  | level 6 of the Dungeon)
 25608 | Spider:3 | Noticed Nikola
 25614 | Spider:3 | Killed Nikola
 25980 | Spider:3 | Reached XP level 18. HP: 155/155 MP: 37/37
 26833 | Spider:3 | Identified the +1 spear "Ojeesuf" {chaos, rElec Int+3
                  | Dex+3}
 26836 | Spider:3 | Identified the +2 broad axe of False Accusations {holy,
                  | Str+2 SInv Stlth+}
 27400 | Spider:4 | Entered Level 4 of the Spider Nest
 27418 | Spider:4 | Noticed Mlioglotl
 27425 | Spider:4 | Killed Mlioglotl
 27539 | Spider:4 | Noticed Agnes
 27545 | Spider:4 | Killed Agnes
 29104 | Spider:4 | Identified the +2 pair of gloves of Pafacvo {rF+}
 29116 | Spider:4 | Got a gossamer rune of Zot
 29705 | Swamp:1  | Entered Level 1 of the Swamp
 30102 | Swamp:1  | Reached XP level 19. HP: 159/159 MP: 38/38
 31601 | Swamp:3  | Identified the +1 leather armour of Zerae {Dex+5}
 32184 | Swamp:4  | Entered Level 4 of the Swamp
 32831 | Swamp:4  | Got a decaying rune of Zot
 33550 | Swamp:4  | Identified the +3 buckler of Oblivion {Will+ Dex+3 Stlth+}
 33553 | Swamp:4  | Identified the ring "Aluyth" {*Corrode Fly rPois rC+
                  | Will++}
 33553 | Swamp:4  | Identified the +4 morningstar of Lypadug {freeze, Will-
                  | MP+9 Str+5}
 34217 | Crypt:3  | Identified the of Iwaw Jet
 34217 | Elf:1    | Identified the of Hyxtubih
 34217 | Elf:1    | Entered Level 1 of the Elven Halls
 34242 | Elf:1    | Noticed Zenata
 34251 | Elf:1    | Killed Zenata
 35382 | Elf:1    | Reached skill level 15 in Fighting
 35382 | Elf:1    | Reached skill level 15 in Short Blades
 35382 | Elf:1    | Reached skill level 15 in Dodging
 35666 | Elf:1    | Noticed Frances
 35671 | Elf:1    | Killed Frances
 35792 | Elf:2    | Reached XP level 20. HP: 139/168 MP: 22/39
 35935 | Elf:2    | Found a portal to a secret trove of treasure.
 35977 | Elf:2    | You paid a toll of 5 potions of resistance to enter a
                  | treasure trove
 35978 | Trove    | Identified the "Dostru" (Sif Muna gifted it to you in a
                  | treasure trove)
 35978 | Trove    | Identified the "Jeoh" (You found it in a treasure trove)
 35978 | Trove    | Identified the "Penwir" (Sif Muna gifted it to you in a
                  | treasure trove)
 35978 | Trove    | Entered a treasure trove
 35995 | Trove    | Reached skill level 15 in Invocations
 35995 | Trove    | Reached XP level 21. HP: 174/174 MP: 40/40
 36001 | Trove    | Identified the amulet "Civuotann" {Acrobat rF+ Dex+2}
 36001 | Trove    | Found the amulet of Vitality {RegenMP++ Regen++}
 36002 | Trove    | Identified the amulet of Buann {Faith Will- Regen+ Slay-6
                  | Stlth+}
 36462 | Elf:2    | Found a runed translucent gate.
 36463 | Elf:2    | Found a runed translucent gate.
 36463 | Elf:2    | Found a runed translucent gate.
 37195 | Elf:3    | Identified the of Guniceopseh
 37195 | Elf:3    | Identified the "Zeapa"
 37195 | Elf:3    | Entered Level 3 of the Elven Halls
 37301 | Elf:3    | Found Ohinaag's Book Boutique.
 37311 | Elf:3    | Learned a level 5 spell: Summon Mana Viper
 37311 | Elf:3    | Bought an Inescapable Atlas for 256 gold pieces
 37316 | Elf:3    | Learned a level 4 spell: Manifold Assault
 37495 | Elf:3    | Paralysed by an air elemental for 1 turns
 37775 | Elf:3    | Identified the +4 dagger of Corruption {heavy, rF- rN+
                  | Will+++ Str+2}
 38370 | Elf:3    | Identified the ring of Ascent {Int+6 Stlth+}
 38370 | Elf:3    | Identified the staff "Bysmuzxy" {rF+ Int+5 Dex+5 Fire}
 39021 | Zot:4    | Identified the "Kesuih"
 39021 | Slime:1  | Entered Level 1 of the Pits of Slime
 39729 | Slime:1  | Reached XP level 22. HP: 135/183 MP: 24/42
 40924 | Slime:3  | Noticed Dissolution
 40926 | Slime:3  | Killed Dissolution
 41114 | Slime:3  | Learned a level 4 spell: Iskenderun's Mystic Blast
 42010 | Slime:5  | Entered Level 5 of the Pits of Slime
 42010 | Slime:5  | Identified the ring of the Sun {*Slow rElec rN++ rCorr
                  | Dex-4}
 42010 | Slime:5  | Identified the ring "Gemam" {rPois rN+}
 42010 | Slime:5  | Identified the +4 mace of Big Damage {pain, rN+}
 42010 | Slime:5  | Identified the ring of Pejeba {rC- rN++ Will+ AC+4 Dex+3}
 42317 | Slime:5  | Gained mutation: You occasionally lose the ability to drink
                  | potions when taking damage. [a shining eye]
 42355 | Slime:5  | Identified the +9 spear of Forgiveness {freeze, rPois rCorr
                  | Str-3 Dex+5}
 42468 | Slime:5  | Lost mutation: You occasionally lose the ability to drink
                  | potions when taking damage. [potion of mutation]
 42468 | Slime:5  | Gained mutation: You occasionally shout uncontrollably at
                  | your foes. [potion of mutation]
 42468 | Slime:5  | Gained mutation: Armour fits poorly on your strangely
                  | shaped body. [potion of mutation]
 42468 | Slime:5  | Gained mutation: Your natural rate of healing is unusually
                  | fast. [potion of mutation]
 42469 | Slime:5  | Lost mutation: Your natural rate of healing is unusually
                  | fast. [potion of mutation]
 42469 | Slime:5  | Lost mutation: Armour fits poorly on your strangely shaped
                  | body. [potion of mutation]
 42469 | Slime:5  | Lost mutation: You occasionally shout uncontrollably at
                  | your foes. [potion of mutation]
 42469 | Slime:5  | Gained mutation: Your body sometimes deteriorates upon
                  | taking damage. [potion of mutation]
 42470 | Slime:5  | Lost mutation: Your body sometimes deteriorates upon taking
                  | damage. [potion of mutation]
 42470 | Slime:5  | Gained mutation: Your magical capacity is low. (-10% MP)
                  | [potion of mutation]
 42470 | Slime:5  | Gained mutation: You are clumsy. (Dex -2) [potion of
                  | mutation]
 42470 | Slime:5  | Gained mutation: You have hidden genetic potential. [potion
                  | of mutation]
 42471 | Slime:5  | Lost mutation: Your magical capacity is low. (-10% MP)
                  | [potion of mutation]
 42471 | Slime:5  | Lost mutation: You have hidden genetic potential. [potion
                  | of mutation]
 42471 | Slime:5  | Lost mutation: You are clumsy. (Dex -2) [potion of
                  | mutation]
 42471 | Slime:5  | Gained mutation: You have extremely sharp teeth. [potion of
                  | mutation]
 42471 | Slime:5  | Gained mutation: Your magical capacity is low. (-10% MP)
                  | [potion of mutation]
 42471 | Slime:5  | Gained mutation: Your flesh is cold resistant. (rC+)
                  | [potion of mutation]
 42632 | Slime:5  | Noticed the Royal Jelly
 42658 | Slime:5  | Killed the Royal Jelly
 43952 | Slime:4  | HP: 7/185 [azure jelly[the Royal Jelly] (22)]
 43952 | Slime:4  | HP: 2/185 [azure jelly[the Royal Jelly] (5)]
 43952 | Slime:4  | Demolished by an azure jelly

Illustrated notes

Levels and vault maps discovered:
D:1:      minmay_arrival_four_circles, layout_rooms, serial_forest,
          infiniplex_forest_end_double, infiniplex_forest_zigzag_1,
          infiniplex_forest_clump_cross, infiniplex_forest_clump_tiny,
          infiniplex_forest_lined_room_2, infiniplex_forest_clump_long
D:2:      layout_rooms, shapermc_ecumenical_altar_gd, uniq_natasha
D:3:      layout_basic, gammafunk_ghost_cemetery, kennysheep_generic_room_9
D:4:      layout_basic, minmay_divided_ellipse, uniq_sigmund
D:5:      layout_basic, hangedman_decor_riveting, nicolae_zen_rock_garden,
          uniq_duvessa
D:6:      hangedman_cross_stitches, layout_gridville,
          chequers_ossuary_entry_cave, minmay_joined_circles, uniq_menkaure,
          uniq_maggie
D:7:      layout_loops_cross, minmay_temple_entry_glassed_door, enter_bailey_5,
          minivault_27, uniq_jeremiah
D:8:      layout_basic, gammafunk_ghost_spectres, serial_corexii_hall,
          corexii_hall_statues_deadend, corexii_hall_statues_l,
          chequers_hall_statues_y, kennysheep_potato, uniq_grum
D:9:      layout_rooms, tgw_kikubaaqudgha, david_orc_4, serial_shops,
          nicolae_shop_tiny_glass
D:10:     minmay_spotlight, layout_irregular_city, mainiacjoe_overflow_24_doors,
          mainiacjoe_overflow_brackets, serial_ice, serial_ice_n, serial_ice_b,
          serial_ice_l, serial_ice_g, serial_ice_d, st_stairs_1,
          corexii_corridor_pit
D:11:     kennysheep_seaside_town, layout_grid_maze, erik_lair_island,
          chequers_serial_rivers_large_b, chequers_arboretum, uniq_urug
D:12:     layout_gridville, uniq_lodul
D:13:     layout_cave_pools, hellmonk_vaults_keyhole, nicolae_hexahallways,
          grunt_decor_one_mirror
D:14:     layout_basic, serial_undead, serial_undead_b, serial_undead_f,
          serial_undead_d, serial_undead_b, lemuel_tele_altar,
          lemuel_flamethrower_1
D:15:     gammafunk_enter_depths_forms, layout_basic, serial_shops,
          nicolae_shop_tiny_waterfront, nicolae_hepliaklqana_hazy_memory
Lair:1:   layout_gridlike, gammafunk_ghost_icy, nicolae_lair_liquid_snakes,
          lemuel_fruit_tree, serial_bayou_shore_b, uniq_fannar
Lair:2:   layout_chaotic_city, minmay_swamp_entry_wisps,
          nicolae_spider_entry_lesser_pyramids, gammafunk_ghost_abyssal_escape,
          minmay_shattered_shrine
Lair:3:   layout_roguey, uniq_sonja
Lair:4:   layout_regular_city
Lair:5:   evilmike_catoblepas_cave, layout_regular_city, slime_entry_1
Swamp:1:  layout_falls_marsh, nicolae_swamp_tree_designs
Swamp:2:  layout_falls_marsh, evilmike_swamp_ruin_house_3, swamp_pool3
Swamp:3:  layout_falls_marsh, serial_swamp_ruin, evilmike_swamp_ruin_house_1,
          evilmike_swamp_ruin_house_5, evilmike_swamp_ruin_house_4
Swamp:4:  swamp_icy, layout_basic_swamp, swamp_pool3, hangedman_swamp_dais,
          infiniplex_staircase_pool_2
Spider:1: layout_spider_delve, portal_ice_cave_entry_pillars_1, uniq_azrael
Spider:2: nicolae_spider_hall_of_the_moth_king, einodemon_crawler_minivault,
          uniq_arachne, uniq_roxanne
Spider:3: layout_cave_pods, uniq_nikola
Spider:4: hellmonk_spider_rune_endless_swarm, guppyfry_spider_mini_2,
          uniq_agnes, uniq_mlioglotl
Slime:1:  layout_caves
Slime:2:  cheibrodos_slime_lost_civilization_1, layout_caves,
          nicolae_slime_ancient_tower_intersection,
          cheibrodos_slime_lost_civilization_4
Slime:3:  layout_caves, dissolution_awaits
Slime:4:  layout_caves, uniq_dissolution
Slime:5:  slime_pit_nicolae_jellycorners
Orc:1:    layout_caves, nicolae_orc_stony_grotto, uniq_harold
Orc:2:    st_orc_ogre_mass, layout_caves, uniq_donald
Elf:1:    minmay_elf_arrival_circle, layout_onion_city, hangedman_elf_represent,
          uniq_louise, uniq_frances, uniq_zenata
Elf:2:    nicolae_elf_blades_crystal_corner, layout_loops_cross,
          nicolae_trove_entry_free_sample, st_stairs_8
Elf:3:    minmay_elf_hall, layout_geoelf_diagonals, serial_shops, shop, pf_eden

Skill      XL: |  1  2  3  4  5  6  7  8  9 10 11 12 13 14 15 16 17 18 19 20 21 22 |
---------------+-------------------------------------------------------------------+-----
Long Blades    | 1 2 3 4 6 7 8 9 10 11 12 13 14 | 14.9
Axes           | 1 2 3 4 6 7 8 9 10 11 12 13 14 | 14.9
Maces & Flails | 1 2 3 4 6 7 8 9 10 11 12 13 14 | 14.9
Polearms       | 1 2 3 4 6 7 8 9 10 11 12 13 14 | 14.9
Staves         | 1 2 3 4 6 7 8 9 10 11 12 13 14 | 14.9
Ranged Weapons | 1 2 3 4 6 7 8 9 10 11 12 13 14 | 14.9
Throwing       | 1 2 3 4 6 7 8 9 10 11 12 13 14 | 14.9
Armour         | 1 2 3 4 6 7 8 9 10 11 12 13 14 | 14.9
Stealth        | 1 2 3 4 6 7 8 9 10 11 12 13 14 | 14.9
Shields        | 1 2 3 4 6 7 8 9 10 11 12 13 14 | 14.9
Unarmed Combat | 1 2 3 4 6 7 8 9 10 11 12 13 14 | 14.9
Spellcasting   | 1 2 3 4 6 7 8 9 10 11 12 13 14 | 14.9
Invocations    | 1 2 3 4 5 7 8 9 10 11 12 13 14 15 16 | 16.1
Evocations     | 1 2 3 4 6 7 8 9 10 11 12 13 14 | 14.9
Shapeshifting  | 1 2 3 4 5 6 7 8 9 10 11 12 13 | 13.7
Conjurations   | 1 2 3 4 5 6 7 8 9 10 11 12 | 12.6
Hexes          | 1 2 3 4 5 6 7 8 9 10 11 12 | 12.6
Summonings     | 1 2 3 4 5 6 7 8 9 10 11 12 | 12.6
Necromancy     | 1 2 3 4 5 6 7 8 9 10 11 12 | 12.6
Translocations | 1 2 3 4 5 6 7 8 9 10 11 12 | 12.6
Transmutations | 1 2 3 4 5 6 7 8 9 10 11 12 | 12.6
Fire Magic     | 1 2 3 4 5 6 7 8 9 10 11 12 | 12.6
Ice Magic      | 1 2 3 4 5 6 7 8 9 10 11 12 | 12.6
Air Magic      | 1 2 3 4 5 6 7 8 9 10 11 12 | 12.6
Earth Magic    | 1 2 3 4 5 6 7 8 9 10 11 12 | 12.6
Poison Magic   | 1 2 3 4 5 6 7 8 9 10 11 12 | 12.6
Fighting       | 7 8 9 10 11 12 13 14 15 16 | 16.1
Short Blades   | 7 8 9 10 11 12 13 14 15 16 | 16.1
Dodging        | 7 8 9 10 11 12 13 14 15 16 | 16.1

Action                     |  1- 3 |  4- 6 |  7- 9 | 10-12 | 13-15 | 16-18 | 19-21 | 22-24 || total
---------------------------+-------+-------+-------+-------+-------+-------+-------+-------++-------
  Melee: Short sword       |    73 |    60 |       |       |       |       |       |       ||   133
         Bite              |     7 |    24 |    56 |   144 |   495 |   571 |   349 |   147 ||  1793
         Pair of quick bla |       |   135 |   419 |  1084 |  2641 |  2906 |  2783 |  1041 || 11009
   Cast: Mephitic Cloud    |       |       |       |     5 |     8 |     7 |       |       ||    20
         Arcjolt           |       |       |       |       |     8 |    88 |     4 |     4 ||   104
         Borgnjor's Vile C |       |       |       |       |       |    16 |       |       ||    16
         Summon Cactus Gia |       |       |       |       |       |    39 |    38 |    10 ||    87
         Enfeeble          |       |       |       |       |       |    71 |   126 |    38 ||   235
         Scorch            |       |       |       |       |       |     3 |       |     5 ||     8
         Jinxbite          |       |       |       |       |       |     2 |     1 |       ||     3
         Ozocubu's Refrige |       |       |       |       |       |     2 |       |       ||     2
         Manifold Assault  |       |       |       |       |       |       |    78 |    79 ||   157
         Summon Mana Viper |       |       |       |       |       |       |    12 |     4 ||    16
         Yara's Violent Un |       |       |       |       |       |       |     1 |     1 ||     2
         Iskenderun's Myst |       |       |       |       |       |       |       |     1 ||     1
 Invoke: Curse Item        |       |     4 |     2 |     4 |     1 |     1 |     2 |     1 ||    15
         Shatter the Chain |       |     1 |       |       |     2 |     1 |     2 |       ||     6
  Evoke: Wand              |       |       |       |       |     1 |     7 |     2 |     6 ||    16
         Condenser vane    |       |       |       |       |       |     1 |       |     1 ||     2
    Use: Scroll            |     2 |     1 |     1 |     2 |       |    13 |     7 |     6 ||    32
         Potion            |     1 |       |       |     1 |       |    13 |    12 |    12 ||    39
   Stab: Sleeping          |       |     3 |    14 |    25 |    50 |    48 |    15 |     4 ||   159
         Distracted        |       |       |       |     3 |     5 |     5 |     1 |     1 ||    15
         Confused          |       |       |       |    11 |    23 |     5 |       |       ||    39
         Invisible         |       |       |       |       |       |    76 |    90 |     3 ||   169
 Armour: Robe              |    29 |    18 |       |       |       |       |       |       ||    47
         Skin              |    20 |     1 |       |       |       |   116 |       |       ||   137
         Leather armour    |       |    29 |    45 |       |       |       |       |       ||    74
         Swamp dragon scal |       |       |     3 |   170 |   273 |   550 |   528 |   212 ||  1736
  Dodge: Dodged            |    46 |    88 |    84 |   280 |   450 |   873 |   545 |   184 ||  2550
   Form: Beast             |       |     1 |       |       |       |       |       |       ||     1
                           |       |       |     1 |       |       |     1 |       |       ||     2
         Statue            |       |       |       |       |       |     1 |       |       ||     1

Table legend: (Time is in decaauts)
 A = Elapsed time spent in this place.
 B = Non-inter-level travel time spent in this place.
 C = Inter-level travel time spent in this place.
 D = Time resting spent in this place.
 E = Time spent auto-exploring this place.
 F = Levels seen in this place.
 G = Mean time per level.
                   A        B        C        D        E       F      G
               +--------+--------+--------+--------+--------+-----+--------+
         Total |  43116 |  40229 |   2887 |   9541 |  21384 |  42 | 1026.6 |
       Dungeon |  14548 |  12954 |   1594 |   1364 |   8866 |  15 |  969.9 |
          Lair |   4263 |   3955 |    308 |     55 |   3091 |   5 |  852.6 |
         Swamp |   4361 |   4237 |    124 |   1224 |   2107 |   4 | 1090.2 |
   Spider Nest |   7510 |   7283 |    227 |   2864 |   2796 |   4 | 1877.5 |
    Slime Pits |   4755 |   4644 |    111 |   2274 |   1529 |   5 |  951.0 |
  Orcish Mines |   1566 |   1300 |    266 |    127 |    875 |   2 |  783.0 |
   Elven Halls |   4288 |   4035 |    253 |    743 |   1941 |   3 | 1429.3 |
         Trove |    117 |    117 |      0 |      0 |      0 |   1 |  117.0 |
       Ossuary |    251 |    251 |      0 |      0 |    108 |   1 |  251.0 |
        Bailey |    296 |    296 |      0 |     38 |     16 |   1 |  296.0 |
      Ice Cave |   1157 |   1157 |      0 |    852 |     54 |   1 | 1157.0 |
               +--------+--------+--------+--------+--------+-----+--------+

Top non-repeatable levels by time:
Spider:4: 2159 daAuts
Spider:1: 1836 daAuts
Spider:3: 1795 daAuts
 Swamp:4: 1776 daAuts
     D:8: 1721 daAuts
Spider:2: 1719 daAuts
    D:11: 1660 daAuts
   Elf:1: 1522 daAuts
 Slime:2: 1497 daAuts
    D:10: 1468 daAuts
   Elf:3: 1416 daAuts
   Elf:2: 1349 daAuts
 Slime:3: 1267 daAuts
     D:6: 1189 daAuts
   IceCv: 1157 daAuts
